Map: Dead of Night

Players

wdnmd

  • Race: Terran Terran

NamroodTuo

  • Race: Zerg Zerg

VOD

Have the link to the VOD?

Description

Time

  • Played on: April 24, 2023, 8:36 a.m.
  • Length: 19:15
Show
View Real Time Build Order
Export as new Build Order

wdnmd Terran 

Build Orders:  

Get SALT Encoding   

  12  0:05  Starport Tech Lab  
  13  0:11  SCV  
  13  0:26  Supply Depot  
  13  0:27  SCV  
  15  0:44  SCV  
  15  0:48  Refinery  
  15  0:52  Refinery  
  16  1:02  SCV  
  17  1:21  SCV  
  17  1:38  SCV  
  18  1:41  Assault Galleon  
  18  1:55  SCV  
  20  2:14  SCV  
  20  2:18  Refinery  
  21  2:31  SCV  
  21  2:42  Armory  
  21  2:47  SCV  
  23  3:04  SCV, Supply Depot  
  24  3:21  SCV  
  24  3:38  SCV  
  25  3:52  Fusion Core  
  25  3:55  SCV  
  27  4:12  SCV  
  27  4:17  Strike Fighter Platform  
  30  4:20  Strike Fighter Platform  
  30  4:29  SCV  
  29  4:46  SCV  
  30  4:58  Napalm Payload  
  33  5:03  SCV  
  33  5:05  Strike Fighter Platform  
  33  5:07  Strike Fighter Platform  
  37  5:10  Strike Fighter Platform  
  38  5:20  SCV  
  38  5:37  SCV  
  44  5:50  Strike Fighter Platform  
  44  5:51  Strike Fighter Platform  
  44  5:54  SCV  
  44  6:00  Reaper  
  46  6:10  Reaper  
  46  6:11  SCV  
  47  6:21  Supply Depot  
  47  6:28  Supply Depot  
  47  6:52  Supply Depot  
  53  7:06  SCV, Strike Fighter Platform  
  54  7:14  Strike Fighter Platform  
  54  7:16  Strike Fighter Platform  
  54  7:17  Assault Galleon  
  55  7:20  Assault Galleon  
  55  7:23  SCV  
  54  7:40  SCV  
  54  7:52  Reaper  
  55  8:02  Reaper  
  56  8:12  Reaper  
  57  8:21  Reaper  
  57  8:22  Reaper  
  57  8:23  Reaper  
  60  8:31  Reaper  
  60  8:32  Reaper  
  60  8:33  Reaper  
  60  8:38  SCV  
  64  8:41  Reaper  
  64  8:42  Reaper  
  64  8:45  Reaper  
  67  8:54  Assault Galleon  
  67  8:55  SCV  
  67  8:57  Assault Galleon  
  69  9:12  SCV, Reaper  
  69  9:13  Reaper x2  
  72  9:22  Reaper  
  72  9:23  Reaper x2  
  72  9:29  SCV  
  76  9:46  SCV  
  89  10:19  Drone Hangar x4  
  92  10:44  Drone Hangar  
  92  11:01  Reaper x4  
  95  11:26  Reaper x2  
  95  11:27  Supply Depot  
  95  11:29  Supply Depot  
  97  11:57  Reaper x5  
  102  12:06  Supply Depot  
  102  12:07  Reaper x5  
  102  12:09  Supply Depot  
  107  12:17  Reaper x5  
  112  12:27  Reaper x5  
  117  12:37  Reaper x2  
  119  12:40  Engineering Bay  
  118  13:27  Reaper x2  
  118  13:28  Reaper x3  
  123  13:37  Reaper x2  
  123  13:38  Reaper x3  
  128  13:47  Reaper  
  127  13:52  Reaper  
  127  13:53  Reaper x3  
  127  13:57  Reaper  
  131  14:02  Reaper  
  131  14:04  Jetpack Overdrive  
  131  15:06  Reaper  
  131  15:07  LE9 Cluster Charges, Reaper x4  
  136  15:16  Reaper  
  136  15:17  Reaper x4  
  138  15:26  Reaper  
  138  15:27  Reaper x4  
  141  15:36  Reaper  
  141  15:37  Reaper x4  
  146  15:46  Reaper  
  146  15:47  Reaper x4  
  151  15:56  Reaper  
  151  15:57  Reaper x4  
  156  16:06  Reaper  
  156  16:07  Reaper x2  
  159  16:28  Reaper  
  159  16:29  Reaper  
  159  16:31  Reaper  
  159  16:34  Supply Depot  
  159  16:37  Reaper  
  159  16:40  Reaper x3  
  159  16:41  Reaper  
  159  16:47  Reaper  
  157  16:50  Reaper x2  
  157  16:52  Reaper  
  157  16:53  Reaper  
  157  16:57  Reaper  
  157  17:00  Reaper  
  157  17:02  Reaper  
  157  17:06  Reaper  
  160  17:10  Reaper  
  160  17:11  Reaper x2  
  160  17:12  Reaper  
  160  17:16  Reaper  
  160  17:18  Theia Raven  
  167  17:20  Reaper  
  167  17:21  Reaper x2  
  167  17:22  Reaper  
  167  17:26  Reaper  
  172  17:30  Reaper x2  
  172  17:31  Reaper  
  175  18:33  Supply Depot  
  175  18:34  Supply Depot  
  175  18:36  Supply Depot  
  175  18:37  Supply Depot  
Show
View Real Time Build Order
Export as new Build Order

NamroodTuo Zerg 

Build Orders:  

Get SALT Encoding   

  12  0:22  Infested Barracks  
  12  0:39  Overlord  
  12  0:41  Infested SCV  
  13  0:50  Infested SCV  
  13  0:54  Infested SCV  
  15  1:08  Infested SCV  
  16  1:25  Infestation Level 1  
  16  1:37  Infested SCV, Infested Refinery  
  17  1:43  Infested SCV  
  18  1:50  Infested SCV  
  18  1:55  Infested SCV  
  20  2:03  Overlord  
  20  2:17  Infested SCV  
  21  2:36  Infested Barracks  
  21  2:37  Infested SCV  
  22  2:40  Infested Barracks Tech Lab  
  22  2:48  Infested Refinery  
  22  2:49  Infested SCV  
  23  3:07  Overlord  
  23  3:27  Infested SCV  
  24  3:35  Anaerobic Enhancement, Infested Refinery  
  24  3:45  Infested SCV  
  25  3:54  Infested Bunker  
  25  3:55  Unknown  
  25  3:58  Overlord  
  29  4:12  Overlord  
  29  4:25  Infested Factory  
  29  4:32  Infested Marine  
  29  4:33  Infested Marine x7  
  29  4:34  Infested Marine x5  
  41  4:55  Infested SCV  
  41  4:56  Infested SCV x2  
  44  5:13  Infested Engineering Bay  
  44  5:19  Infested SCV  
  45  5:42  Retinal Augmentation  
  45  5:50  Infested Armory  
  45  5:54  Infested SCV  
  45  5:55  Infested SCV  
  46  6:00  Infested SCV  
  42  6:29  Infested Marine  
  36  6:30  Infested Marine x16  
  36  6:31  Infested Marine x3  
  36  6:36  Infestation Level 2  
  55  6:53  Overseer  
  55  6:54  Overseer x2  
  55  6:58  Overlord  
  55  7:18  Infested SCV  
  55  7:20  Overlord  
  55  7:22  Overlord  
  55  7:25  Infested SCV  
  56  7:41  Stukov Infantry Weapons Level 1  
  56  7:44  Infested SCV  
  54  8:02  Infested SCV  
  54  8:04  Aggressive Incubation  
  53  8:20  Plagued Munitions  
  39  8:32  Infested Marine  
  39  8:33  Infested Marine x8  
  39  8:36  Broodling Gestation  
  52  8:50  Infested Bunker  
  52  9:03  Infested Missile Turret  
  52  9:44  Infested SCV x4  
  52  9:45  Infested SCV  
  57  10:05  Infested Factory Tech Lab  
  57  10:06  Infestation Level 3  
  57  10:21  Stukov Infantry Armor Level 1  
  48  10:34  Overlord x2  
  48  10:35  Overlord  
  48  10:48  Infested Bunker  
  52  11:18  Infested Bunker  
  56  11:48  Infested Bunker  
  60  12:16  Infested Missile Turret  
  60  12:17  Infested Bunker  
  64  12:47  Infested Marine  
  64  12:48  Infested Marine x7  
  64  12:49  Infested Marine x7  
  79  13:00  Calcified Armor  
  79  13:05  Infested Missile Turret  
  77  13:17  Infested Siege Tank  
  77  13:18  Infested Diamondback  
  74  13:44  Infested Bunker  
  74  14:00  Regenerative Plating  
  69  14:56  Infested Bunker  
  77  15:00  Stukov Infantry Weapons Level 2  
  77  15:15  Stukov Vehicle and Ship Weapons Level 1  
  77  15:20  Saturated Cultures  
  77  15:44  Infested Bunker  
  74  16:21  Infested Marine  
  74  16:22  Infested Marine x19  
Tags
 
Commander
HornerStukov
Matchup
Co-op
Replay Pack
Multiplayer
Add a new tag
Caveats
  • Supply blocks, unpowered buildings, or Contaminate may cause inaccurate times.
  • Supply counts are checked every 10 seconds.